 Dungeon Crawl Stone Soup version 0.28.0-43-g3370ac3207 (webtiles) character file.

Game seed: 3507442051662508919

38 Ablot the Grasshopper (level 3, -1/31 HPs)
             Began as a Gnoll Warper on Mar 13, 2022.
             Succumbed to a goblin's poison
             ... on level 1 of the Dungeon.
             The game lasted 00:01:36 (1642 turns).

Ablot the Grasshopper (Gnoll Warper)                Turns: 1642, Time: 00:01:37

Health: -1/31      AC:  3    Str: 12    XL:     3   Next: 43%
Magic:  9/9        EV: 12    Int: 12    God:
Gold:   9          SH:  0    Dex: 11    Spells: 10/12 levels left

rFire   . . .      SeeInvis .   a - +0 spear
rCold   . . .      Faith    .   (no shield)
rNeg    . . .      Spirit   .   b - +0 leather armour
rPois   .          Reflect  .   (no helmet)
rElec   .          Harm     .   (no cloak)
rCorr   .          Rampage  .   (no gloves)
Will    .....                   (no boots)
Stlth   +.........              (no amulet)
HPRegen 0.10/turn               (no ring)
MPRegen 0.11/turn               (no ring)

@: lethally poisoned (-1 -> -11)
A: fangs 1, strong nose, distributed training
a: no special abilities


You were on level 1 of the Dungeon.
You visited 1 branch of the dungeon, and saw 2 of its levels.

You collected 9 gold pieces.

Inventory:

Hand Weapons
 a - a +0 spear (weapon)
Missiles
 d - 5 boomerangs of dispersal (quivered)
 e - 75 stones
Armour
 b - a +0 leather armour (worn)
Scrolls
 c - a scroll of blinking
 i - a scroll of holy word {unknown}
 j - a scroll of fear {unknown}
 l - a scroll of identify {unknown}
Potions
 f - a potion of lignification {unknown}
 g - a potion of attraction {unknown}
 h - a potion of curing {unknown}
 k - a potion of haste {unknown}


   Skills:
 + Level 4.5 Fighting
 + Level 0.8 Short Blades
 + Level 0.8 Long Blades
 + Level 0.8 Axes
 + Level 0.8 Maces & Flails
 + Level 4.5 Polearms
 + Level 0.8 Staves
 + Level 0.8 Slings
 + Level 0.8 Bows
 + Level 0.8 Crossbows
 + Level 2.6 Throwing
 + Level 2.6 Armour
 + Level 4.5 Dodging
 + Level 0.8 Stealth
 + Level 0.8 Shields
 + Level 0.8 Unarmed Combat
 + Level 5.0 Spellcasting
 + Level 0.5 Conjurations
 + Level 0.5 Hexes
 + Level 0.5 Summonings
 + Level 0.5 Necromancy
 + Level 5.4 Translocations
 + Level 0.5 Transmutations
 + Level 0.5 Fire Magic
 + Level 0.5 Ice Magic
 + Level 0.5 Air Magic
 + Level 0.5 Earth Magic
 + Level 0.5 Poison Magic
 + Level 1.0 Invocations
 + Level 0.8 Evocations


You had 10 spell levels left.
You knew the following spells:

 Your Spells              Type           Power      Damage    Failure   Level
a - Blink                 Tloc           32%        N/A       4%          2

Your spell library contained the following spells:

 Spells                   Type           Power      Damage    Failure   Level
 Gell's Gravitas          Tloc           16%        N/A       9%          3
 Lesser Beckoning         Tloc           16%        N/A       9%          3
 Teleport Other           Tloc           16%        N/A       9%          3
 Manifold Assault         Tloc           16%        N/A       58%         5


Dungeon Overview and Level Annotations

Branches:
Dungeon (2/15)

Altars:

Annotations:
D:2 Robin


Innate Abilities, Weirdness & Mutations

You have very sharp teeth.
Your uncanny sense of smell can sniff out nearby items.
Your experience applies equally to all skills.


Message History

The hobgoblin closely misses you.
You hit the hobgoblin but do no damage.
The hobgoblin is moderately wounded.
You completely miss the hobgoblin.
The hobgoblin is moderately wounded.
The hobgoblin hits you.
You hit the hobgoblin.
You kill the hobgoblin!
Your Invocations skill increases to level 1!
You see here a hobgoblin corpse.
There is an open door here.
You start resting.
HP restored.
There is a stone staircase leading down, spattered with blood here.
You see here a +0 club.
You climb downwards.
Level annotation: Robin Robin roars a battlecry!
The goblins go into a battle-frenzy!
The goblin closely misses you. The goblin hits you but does no damage.
You are poisoned.
There is a stone staircase leading up here.
You feel sick. The goblin hits you with a +0 dagger.
The goblin hits you with a +1 dagger of venom.
You are more poisoned.
You climb upwards.
You feel very sick.
There is a stone staircase leading down, spattered with blood here.
You see here a +0 club.
You feel sick.
You feel sick.
The goblin hits you with a +1 dagger of venom.
You are lethally poisoned!
* * * LOW HITPOINT WARNING * * *
You feel very sick.
* * * LOW HITPOINT WARNING * * *
You feel very sick.
* * * LOW HITPOINT WARNING * * *
You feel sick.
You die...

#.............######
#####.###.#.##########
#.##..#.##.......#
###.##..#.##.......#
#.........##.......#
#####......#.......#
#......#.......#
##################g....)#.......#
................@.g..)>.'.......'
###################.....#.......#
...........# #.....#.......#
##########.########.....#.......#
## ####................#.......#
.# #....#.#########....#########
.# #.####.# #....'......†.
.####.# #.# #....#########
....#.# #.# #....#


You could see 2 goblins.

Vanquished Creatures
  2 ball pythons (D:1)
  2 bats (D:1)
  5 endoplasms (D:1)
  A giant cockroach (D:1)
  10 goblins
  4 hobgoblins (D:1)
  2 frilled lizards (D:1)
  2 kobolds (D:1)
  4 rats
32 creatures vanquished.

Notes
Turn   | Place    | Note
-------+----------+-------------------------------------------
     0 | D:1      | Ablot the Gnoll Warper began the quest for the Orb.
     0 | D:1      | Reached XP level 1. HP: 20/20 MP: 6/6
   297 | D:1      | Reached XP level 2. HP: 26/26 MP: 7/7
   300 | D:1      | Learned a level 2 spell: Blink
   856 | D:1      | Reached XP level 3. HP: 31/31 MP: 9/9
  1068 | D:2      | Reached skill level 5 in Spellcasting
  1118 | D:2      | Noticed Robin
  1478 | D:1      | Reached skill level 1 in Invocations
  1642 | D:1      | Succumbed to a goblin's poison

Illustrated notes

Levels and vault maps discovered:
D:1:      mushboom_english_gardens, layout_basic
D:2:      layout_loops_cross, hellmonk_ecumenical_altar_blasted,
          serial_bayou_ford_a, bh_walls_and_bars, uniq_natasha, uniq_robin

Skill      XL: |  1  2  3 |
---------------+----------+-----
Spellcasting   | 5 |  5.0
Invocations    | 1 |  1.0
Fighting       | |  4.5
Short Blades   | |  0.8
Long Blades    | |  0.8
Axes           | |  0.8
Maces & Flails | |  0.8
Polearms       | |  4.5
Staves         | |  0.8
Slings         | |  0.8
Bows           | |  0.8
Crossbows      | |  0.8
Throwing       | |  2.6
Armour         | |  2.6
Dodging        | |  4.5
Stealth        | |  0.8
Shields        | |  0.8
Unarmed Combat | |  0.8
Conjurations   | |  0.5
Hexes          | |  0.5
Summonings     | |  0.5
Necromancy     | |  0.5
Translocations | |  5.4
Transmutations | |  0.5
Fire Magic     | |  0.5
Ice Magic      | |  0.5
Air Magic      | |  0.5
Earth Magic    | |  0.5
Poison Magic   | |  0.5
Evocations     | |  0.8

Action                   || total
-------------------------++-------
Melee: Spear             ||   101
       Bite              ||     7
       Punch             ||     3
Armor: Leather armour    ||    14
Dodge: Dodged            ||    52
